 Dungeon Crawl Stone Soup version 0.22.1-1-ga44c0e5 (webtiles) character file.

79 Folque the Vandal (level 4, -2/31 HPs)
             Began as a Halfling Hunter on Sept 23, 2018.
             Slain by a gnoll
             ... wielding a +0 spear
              (8 damage)
             ... on level 2 of the Dungeon.
             The game lasted 00:06:09 (1608 turns).

Folque the Vandal (Halfling Hunter)                 Turns: 1608, Time: 00:06:10

Health: -2/31      AC:  3    Str: 13    XL:     4   Next: 64%
Magic:  4/4        EV: 15    Int:  9    God:
Gold:   84         SH:  0    Dex: 15    Spells: 3/3 levels left

rFire    . . .     SeeInvis .   b - +0 short sword
rCold    . . .     Gourm    .   (shield restricted)
rNeg     . . .     Faith    .   c - +0 leather armour
rPois    .         Spirit   .   (no helmet)
rElec    .         Reflect  .   (no cloak)
rCorr    .         Harm     .   (no gloves)
MR       .....                  (no boots)
Stlth    ++........             (no amulet)
HPRegen  0.10/turn              (no ring)
MPRegen  0.09/turn              (no ring)

@: flying
A: small, mutation resistance 1
a: no special abilities


You were on level 2 of the Dungeon.
You were not hungry.

You visited 1 branch of the dungeon, and saw 2 of its levels.

You collected 84 gold pieces.

Inventory:

Hand Weapons
 a - a +1 hunting sling
 b - a +0 short sword (weapon)
Missiles
 d - 15 sling bullets
Armour
 c - a +0 leather armour (worn)
Jewellery
 k - a +2 ring of dexterity {unknown}
 l - an uncursed ring of protection from magic {unknown}
Wands
 n - a wand of paralysis (17)
Scrolls
 e - 4 scrolls of identify {unknown}
 j - a scroll of teleportation {unknown}
Potions
 h - a potion of flight
 m - a potion of cancellation {unknown}
Comestibles
 f - 4 rations
 g - 5 chunks of flesh


   Skills:
 - Level 3.0 Fighting
 + Level 0.8 Short Blades
 * Level 6.9 Slings
 + Level 2.4 Dodging
 - Level 1.1 Stealth


You had 3 spell levels left.
You didn't know any spells.
Your spell library was empty.

Dungeon Overview and Level Annotations

Branches:
Dungeon (2/15)

Altars:
Dithmenos


Innate Abilities, Weirdness & Mutations

You are small and have problems with some larger weapons.
You are somewhat resistant to further mutation.


Message History

The gnoll hits you from afar with a spear.
* * * LOW HITPOINT WARNING * * *
Firing (i - inventory)
d - 16 sling bullets (quivered)
Press: ? - help, Shift-Dir - straight line, f/p - gnoll
Aim: a gnoll, wielding a spear (almost dead)
You shoot a sling bullet.
The sling bullet completely misses the gnoll.
The gnoll hits you from afar with a spear.
* * * LOW HITPOINT WARNING * * *
It was a potion of flight.
You feel very buoyant.
You fly up into the air.
The gnoll barely misses you.
Okay, then.
Wield which item (- for none, * to show all)? (? for menu, Esc to quit)
b - a +0 short sword (weapon)
The gnoll misses you.
You hit the gnoll but do no damage.
The gnoll is almost dead.
The gnoll hits you with a spear!
You die...

###### ....# #.#.# . #
####.#.# ... #.
#.@....#### #...
#####.##g#.......# #...
#......(.#..#.##.# #...
#...(..(......##.######...
#....()..#..#.##..........
#........#................
#.......###.#####.......(.
#.((.(.(# #.. #######...
#.(g..?.# ##.# #...


You could see a gnoll.

Vanquished Creatures
  4 gnolls
  An adder (D:2)
  A dart slug (D:1)
  2 leopard geckos (D:1)
  4 bats
  2 giant cockroaches
  6 hobgoblins
  3 frilled lizards
  3 goblins
  2 kobolds (D:1)
  2 rats (D:1)
30 creatures vanquished.

Notes
Turn   | Place    | Note
-------+----------+-------------------------------------------
     0 | D:1      | Folque the Halfling Hunter began the quest for the Orb.
     0 | D:1      | Reached XP level 1. HP: 14/14 MP: 1/1
   500 | D:1      | Reached skill level 6 in Slings
   500 | D:1      | Reached XP level 2. HP: 19/19 MP: 2/2
   621 | D:1      | Reached XP level 3. HP: 25/25 MP: 3/3
  1425 | D:2      | Found a shadowy altar of Dithmenos.
  1494 | D:2      | Reached XP level 4. HP: 31/31 MP: 4/4
  1608 | D:2      | Slain by a gnoll

Skill      XL: |  1  2  3 |
---------------+----------+-----
Fighting       | 2 3 |  3.0
Slings         | 6 |  6.9
Short Blades   | |  0.8
Dodging        | |  2.4
Stealth        | |  1.1

Action                   |  1- 3 |  4- 6 || total
-------------------------+-------+-------++-------
Melee: Short sword       |    81 |    10 ||    91
 Fire: Hunting sling     |     5 |    23 ||    28
  Use: Potion            |     1 |     1 ||     2
 Stab: Sleeping          |     2 |       ||     2
  Eat: Chunk             |     2 |       ||     2
Armor: Leather armour    |    13 |     5 ||    18
Dodge: Dodged            |    58 |    20 ||    78
